 Dungeon Crawl Stone Soup version bcrawl-1.26.1 (webtiles) character file.

Game seed: 12646453127784645907

258736 Freyura the Cudgeler (level 7, -5/49 HPs)
             Began as a Demonspawn Fighter on July 2, 2020.
             Slain by a gnoll
             ... wielding a +0 whip of distortion
              (18 damage)
             ... on level 4 of the Dungeon.
             The game lasted 00:10:39 (3371 turns).

Freyura the Cudgeler (Demonspawn Fighter)           Turns: 3371, Time: 00:10:39

Health: -5/49      AC: 11    Str: 17    XL:     7   Next: 58%
Magic:  0/7        EV:  7    Int:  9    God:
Gold:   368        SH:  9    Dex: 16    Spells: 6/6 levels left

rFire    + . .     SeeInvis .   a - +0 flail
rCold    . . .     Gourm    .   c - +0 medium shield
rNeg     . . .     Faith    .   b - +0 scale mail
rPois    .         Spirit   +   (helmet restricted)
rElec    .         Reflect  .   g - +2 cloak
rCorr    .         Harm     .   u - +0 pair of gloves
MR       .....                  (no boots)
Stlth    ..........             (no amulet)
HPRegen  0.16/turn              n - ring of protection from fire
MPRegen  0.10/turn              (no ring)

@: no status effects
A: antennae 1, claws 1, talons 1, agile 1, frail 1, evolution 1, magic shield
a: no special abilities


You were on level 4 of the Dungeon.
You were not hungry.

You visited 1 branch of the dungeon, and saw 4 of its levels.

You collected 368 gold pieces.

Inventory:

Hand Weapons
 a - a +0 flail (weapon)
Armour
 b - a +0 scale mail (worn)
 c - a +0 medium shield (worn)
 g - a +2 cloak (worn)
 u - a +0 pair of gloves (worn)
Jewellery
 l - an uncursed amulet of guardian spirit {unknown}
 n - a ring of protection from fire (left hand)
Wands
 f - a wand of flame (11)
Scrolls
 h - a scroll of teleportation {unknown}
 j - a scroll of amnesia {unknown}
 k - a scroll of identify
 m - a scroll of noise {unknown}
 o - 4 scrolls of remove curse {unknown}
 q - 3 scrolls of immolation {unknown}
 s - a scroll of enchant armour {unknown}
 t - 2 scrolls of enchant weapon {unknown}
Potions
 d - a potion of brilliance
 p - 2 potions of flight
 r - a potion of heal wounds {unknown}
Comestibles
 e - 4 rations {!d}
 i - a chunk of flesh


   Skills:
 + Level 4.4 Fighting
 * Level 4.7 Maces & Flails
 + Level 4.1 Armour
 + Level 3.0 Dodging
 + Level 4.1 Shields
 + Level 0.0 Evocations


You had 6 spell levels left.
You didn't know any spells.
Your spell library was empty.

Dungeon Overview and Level Annotations

Branches:
Dungeon (4/12)
 Temple: D:4-7

Altars:
Dithmenos

Shops:
D:4 }


Innate Abilities, Weirdness & Mutations

You have a pair of small antennae on your head.
You have sharp fingernails.
You have sharp toenails.
When hurt, damage is shared between your health and your magic reserves.
You are agile. (Dex +2)
You are frail. (-10% HP)
You evolve.


Message History

You hit the gnoll.
You kill the gnoll!
You block the gnoll's attack.
You hit the gnoll but do no damage. Your kick misses the gnoll.
The gnoll hits you from afar with a +1 halberd of pain.
The gnoll hits you but does no damage.
You blink.
Found a dagger.
The gnoll hits you with a +1 halberd of pain!
The gnoll hits you with a +0 whip of distortion.
Space bends around you.
Your shield and scale mail prevent you from hitting the gnoll.
You block the gnoll's attack. The gnoll hits you but does no damage.
Space warps horribly around you!
You are too injured to fight recklessly!
You are too injured to fight recklessly!
You are too injured to fight recklessly!
The gnoll hits you with a +0 whip of distortion.
* * * LOW HITPOINT WARNING * * *
Space warps horribly around you!!
You die...

)# #.......#.....#.####
..##.......#.....#.....
................####..
..................... #
#<......###.####.##.
#.#.......#...# #.....
###########.........#.#####.#.##
#.........##........#.# #.....##
#.........##.#.@.)....# #.#.##..
#.........##...gg.....###.#.##..
#.....<.#####.#####.#..#..#.##..
#.......# ... #..#...#..##..
#.....>.# #.# #.....#..###..
#....(..##.. ###......####..
#........## #.#.......##..#
#........# #....8.......##
#........##{ ##.........#..##


You could see 2 gnolls.

Vanquished Creatures
  Sigmund (D:4)
  An ice beast (D:3)
  A sky beast (D:4)
  A scorpion (D:3)
  A howler monkey (D:3)
  3 crimson imps
  A hound (D:4)
  2 orc wizards (D:4)
  2 worker ants (D:4)
  A worker ant zombie (D:4)
  A gnoll (D:4)
  5 adders
  4 dart slugs
  9 leopard geckos
  6 orcs
  A giant cockroach (D:2)
  2 goblins
  9 hobgoblins
  3 jackals (D:3)
  3 quokkas
  A ball python (D:2)
  5 bats
  2 frilled lizards (D:2)
  3 kobolds
  8 rats
76 creatures vanquished.

Notes
Turn   | Place    | Note
-------+----------+-------------------------------------------
     0 | D:1      | Freyura the Demonspawn Fighter began the quest for the Orb.
     0 | D:1      | Reached XP level 1. HP: 18/18 MP: 1/1
   289 | D:1      | Gained mutation: When hurt, damage is shared between your
                  | health and your magic reserves. [demonic ancestry]
   289 | D:1      | Reached XP level 2. HP: 24/24 MP: 2/2
  1235 | D:2      | Reached XP level 3. HP: 29/29 MP: 3/3
  1252 | D:2      | Reached skill level 1 in Dodging
  1683 | D:3      | Noticed a scorpion
  1698 | D:3      | Gained mutation: You evolve. [potion of mutation]
  1698 | D:3      | Gained mutation: You are frail. (-10% HP) [potion of
                  | mutation]
  1698 | D:3      | Gained mutation: You have large cloven feet. [potion of
                  | mutation]
  1703 | D:3      | Killed a scorpion
  1703 | D:3      | Lost mutation: You have large cloven feet. [demonic
                  | ancestry]
  1703 | D:3      | Gained mutation: You have sharp toenails. [demonic
                  | ancestry]
  1703 | D:3      | Reached XP level 4. HP: 14/31 MP: 1/4
  1976 | D:3      | Found a shadowy altar of Dithmenos.
  2110 | D:3      | Gained mutation: You have a pair of small antennae on your
                  | head. [demonic ancestry]
  2110 | D:3      | Reached XP level 5. HP: 20/36 MP: 2/5
  2753 | D:4      | Noticed an ice beast
  2805 | D:3      | Killed an ice beast
  2805 | D:3      | Reached XP level 6. HP: 3/43 MP: 1/6
  3052 | D:4      | Gained mutation: You are agile. (Dex +2) [evolution]
  3127 | D:4      | Found Eleff's Gadget Boutique.
  3150 | D:4      | Gained mutation: You have sharp fingernails. [demonic
                  | ancestry]
  3150 | D:4      | Reached XP level 7. HP: 44/48 MP: 5/7
  3164 | D:4      | Noticed Sigmund
  3175 | D:4      | Killed Sigmund
  3371 | D:4      | Slain by a gnoll

Skill      XL: |  1  2  3  4  5  6  7 |
---------------+----------------------+-----
Maces & Flails | 2 3 4 |  4.7
Dodging        | 1 2 3 |  3.0
Armour         | 3 4 |  4.1
Shields        | 3 4 |  4.1
Fighting       | 4 |  4.4

Action                   |  1- 3 |  4- 6 |  7- 9 || total
-------------------------+-------+-------+-------++-------
Melee: Flail             |   157 |   207 |    34 ||   398
       Kick              |     1 |    37 |    10 ||    48
  Use: Potion            |     4 |       |     1 ||     5
       Scroll            |     3 |     3 |       ||     6
  Eat: Chunk             |     3 |     5 |     1 ||     9
Armor: Scale mail        |   105 |   124 |    16 ||   245
Dodge: Dodged            |    35 |    55 |    13 ||   103
Block: Medium shield     |    80 |   102 |    15 ||   197
